 Dungeon Crawl Stone Soup version 0.30-a0-802-gb92711bcdf (webtiles) character file.

Game seed: 15690187135591244028

23 cheesebisquit the Digger (level 2, 15/15 HPs)
             Began as a Gargoyle Earth Elementalist on Feb 23, 2023.
             Quit the game on level 1 of the Dungeon.
             The game lasted 00:02:10 (621 turns).

cheesebisquit the Digger (GrEE)                      Turns: 621, Time: 00:02:11

Health: 15/15      AC:  4    Str: 11    XL:     2   Next: 95%
Magic:  5/5        EV: 12    Int: 15    God:
Gold:   21         SH:  0    Dex: 10    Spells: 4/5 levels left

rFire   . . .      SeeInvis .    (no weapon)
rCold   . . .      Faith    .    (no shield)
rNeg    + . .      Spirit   .    a - +0 robe
rPois   ∞          Reflect  .    (no helmet)
rElec   +          Harm     .    (no cloak)
rCorr   .          Rampage  .    (no gloves)
Will    .....                    (no boots)
Stlth   ++                       (no amulet)
HPRegen 0.22/turn                (no ring)
MPRegen 0.09/turn                (no ring)

@: no status effects
A: sickness immunity, AC +2, negative energy resistance 1, electricity
resistance, torment resistance 1, petrification resistance
a: no special abilities


You were on level 1 of the Dungeon.
You visited 1 branch of the dungeon, and saw 1 of its levels.

You collected 21 gold pieces.

Inventory:

Armour
 a - a +0 robe (worn)
Scrolls
 d - a scroll of immolation {unknown}
Potions
 b - a potion of magic
 c - 2 potions of curing {unknown}


   Skills:
 + Level 1.8 Dodging
 + Level 2.6 Stealth
 + Level 2.2 Spellcasting
 + Level 1.1 Transmutations
 + Level 3.9 Earth Magic


You had 4 spell levels left.
You knew the following spells:

 Your Spells              Type           Power      Damage    Failure   Level
a - Sandblast             Erth           26%        2d8       4%          1

Your spell library contained the following spells:

 Spells                   Type           Power      Damage    Failure   Level
 Passwall                 Tmut/Erth      7%         N/A       12%         2
 Stone Arrow              Conj/Erth      14%        3d7       28%         3
 Ensorcelled Hibernation  Hex/Ice        2%         N/A       32%         2
 Swiftness                Air            1%         N/A       54%         3
 Petrify                  Tmut/Erth      9%         N/A       58%         4


Dungeon Overview and Level Annotations

Branches:
Dungeon (1/15)

Altars:


Innate Abilities, Weirdness & Mutations

You are immune to sickness and miasma.
Your stone body is resilient. (AC +2)
You are immune to poison.
You resist negative energy. (rN+)
You are resistant to electric shocks. (rElec)
You are resistant to unholy torment.
You are immune to petrification.


Message History

You add the spells Ensorcelled Hibernation and Swiftness to your library.
A quokka comes into view.
The helpless quokka fails to defend itself.
You hit the quokka.
The quokka is lightly wounded.
The quokka bites you. x2
The blast of sand hits the quokka!
You kill the quokka!
HP restored.
An endoplasm comes into view.
The blast of sand hits the endoplasm!
You kill the endoplasm!
A rat comes into view.
Found a leather armour.
The rat bites you but does no damage.
The blast of sand hits the rat!
You kill the rat!
You see here a +0 leather armour.
Found a dagger.
A bat comes into view.
The bat misses you. x2
The blast of sand hits the bat!
You kill the bat!
A kobold comes into view. It is wielding a +0 dagger.
The kobold shouts!
The kobold throws a stone.
The stone hits you but does no damage.
The blast of sand hits the kobold.
You kill the kobold!
Found a ring mail.
A bat comes into view.
The blast of sand hits the bat!
You kill the bat!
An endoplasm comes into view.
Found a stone staircase leading down.
The blast of sand hits the endoplasm!
You kill the endoplasm!
Found 5 stones.
There is a stone staircase leading down here.
A hobgoblin comes into view.
Found a club.
Are you sure you want to abandon this character and quit the game? (Confirm with "yes".)

#. ..##########
#..####.#........#
#.....#.#.......##
##.≈≈≈.....#####.#
##..≈$≈.#.#.# #.#
#.(.≈≈≈.#.#.# #.#
#.....#.#.# #.#
###.###..##.#.# #.#
.......@...>#.# #.#
.g...#.#.####.# #.#
.###.#)#.# #.# #.#
.## #.#.#.# #.#
###.## .... #.#.#.#
#.# #....#
....####.#.#.# #)#
#.####
.).......#...# #.#
#.#
.........########.#
#.#
..................#
#.#


You could see a hobgoblin.

Vanquished Creatures
  A dart slug (D:1)
  2 bats (D:1)
  2 endoplasms (D:1)
  A goblin (D:1)
  2 hobgoblins (D:1)
  4 jackals (D:1)
  A quokka (D:1)
  2 frilled lizards (D:1)
  2 kobolds (D:1)
  A rat (D:1)
18 creatures vanquished.

Notes
Turn   | Place    | Note
-------+----------+-------------------------------------------
     0 | D:1      | cheesebisquit the Gargoyle Earth Elementalist began the
                  | quest for the Orb.
     0 | D:1      | Reached XP level 1. HP: 10/10 MP: 3/3
   115 | D:1      | Reached skill level 1 in Transmutations
   115 | D:1      | Reached XP level 2. HP: 11/15 MP: 0/5
   621 | D:1      | Quit the game

Illustrated notes

Levels and vault maps discovered:
D:1:      matt_arrival_spirals, layout_basic, corexii_item_surrounded_by_moat

Skill      XL: |  1 |
---------------+----+-----
Transmutations | 1 |  1.1
Dodging        | |  1.8
Stealth        | |  2.6
Spellcasting   | |  2.2
Earth Magic    | |  3.9

Action                     || total
---------------------------++-------
  Melee: Unarmed           ||    46
         Punch             ||     1
   Cast: Sandblast         ||    19
   Stab: Sleeping          ||     1
 Armour: Robe              ||    24
  Dodge: Dodged            ||    29

Table legend: (Time is in decaauts)
 A = Elapsed time spent in this place.
 B = Non-inter-level travel time spent in this place.
 C = Inter-level travel time spent in this place.
 D = Time resting spent in this place.
 E = Time spent auto-exploring this place.
 F = Levels seen in this place.
 G = Mean time per level.
                   A        B        C        D        E       F      G
               +--------+--------+--------+--------+--------+-----+--------+
         Total |    630 |    630 |      0 |      0 |    484 |   1 |  630.0 |
       Dungeon |    630 |    630 |      0 |      0 |    484 |   1 |  630.0 |
               +--------+--------+--------+--------+--------+-----+--------+

Top non-repeatable levels by time:
     D:1: 630 daAuts
